 Dungeon Crawl Stone Soup version 0.21-a0-460-g737a915 (webtiles) character file.

60 4thArraOfDagon the Chucker (level 3, 0/27 HPs)
             Began as a Demonspawn Hunter on Nov 20, 2017.
             Succumbed to a kobold's poison
             ... on level 4 of the Dungeon.
             The game lasted 00:01:55 (279 turns).

4thArraOfDagon the Chucker (Demonspawn Hunter)       Turns: 279, Time: 00:01:56

Health: 0/27       AC:  5    Str: 12    XL:     3   Next: 82%
Magic:  3/3        EV: 12    Int: 13    God:
Gold:   20         SH:  0    Dex: 13    Spells: 2/2 levels left

rFire    . . .     SeeInvis .   a - +0 short sword
rCold    . . .     Gourm    +   (no shield)
rNeg     . . .     Faith    .   b - +0 leather armour
rPois    .         Spirit   .   (no helmet)
rElec    .         Reflect  .   (no cloak)
rCorr    .         Harm     .   (no gloves)
MR       .....                  (no boots)
Stlth    ++........             h - amulet of the gourmand
HPRegen  0.09/turn              (no ring)
MPRegen  0.08/turn              (no ring)

@: lethally poisoned (0 -> -3)
A: iridescent scales 1, nightstalker 1
a: no special abilities


You were on level 4 of the Dungeon.
You were not hungry.

You visited 1 branch of the dungeon, and saw 5 of its levels.

You collected 20 gold pieces.

Inventory:

Hand Weapons
 a - a +0 short sword (weapon)
Missiles
 c - 5 javelins (quivered)
 d - 2 throwing nets
Armour
 b - a +0 leather armour (worn)
Jewellery
 h - an amulet of the gourmand (around neck)
Scrolls
 e - a scroll of teleportation {unknown}
Potions
 g - a potion of might
Comestibles
 f - a bread ration


   Skills:
 - Level 2.0 Fighting
 * Level 5.0 Throwing
 - Level 1.7 Dodging
 - Level 0.8 Stealth


You had 2 spell levels left.
You didn't know any spells.

Dungeon Overview and Level Annotations

Branches:
Dungeon (5/15)
 Temple: D:4-7

Altars:
Dithmenos
Makhleb


Innate Abilities, Weirdness & Mutations

You are partially covered in iridescent scales. (AC +2)
You are slightly more attuned to the shadows.


Message History

* * * LOW HITPOINT WARNING * * *
You feel sick. The bat hits you but does no damage.
There is a stone staircase leading down here.
Unknown command.
The bat hits you but does no damage.
You climb downwards.
There is a stone staircase leading up here.
Unknown command.
Okay, then.
* * * LOW HITPOINT WARNING * * *
You feel sick.
Unknown command.
* * * LOW HITPOINT WARNING * * *
You feel sick.
Unknown command.
Unknown command.
Unknown command.
Unknown command.
Unknown command.
You die...

##############
#......#.[....#
#.#.......# #.#
#.#.##.#..###.####
###.#.##.<..........
#...#.......#......#
#. #......#.# #<...#
#.##.###....#.#..#.#
#..@.#...####....#
######...# #####.#
#...###.###.#
####........†..#
..........>#####
####...........#
##.###.###.##
#......# # #......#


There were no monsters in sight!

Vanquished Creatures
  2 worker ants (D:4)
  An ooze (D:3)
  A leopard gecko (D:1)
  A giant cockroach (D:3)
  2 jackals (D:4)
  A quokka (D:3)
  2 goblins
  A kobold (D:1)
11 creatures vanquished.

Notes
Turn   | Place    | Note
-------+----------+-------------------------------------------
     0 | D:1      | 4thArraOfDagon the Demonspawn Hunter began the quest for the Orb.
     0 | D:1      | Reached XP level 1. HP: 16/16 MP: 1/1
   144 | D:4      | Noticed a worker ant
   168 | D:4      | Killed a worker ant
   168 | D:4      | Reached skill level 4 in Throwing
   168 | D:4      | Gained mutation: You are partially covered in iridescent scales. (AC +2) [demonic ancestry]
   168 | D:4      | Reached XP level 2. HP: 13/22 MP: 2/2
   168 | D:4      | Gained mutation: You are slightly more attuned to the shadows. [demonic ancestry]
   168 | D:4      | Reached XP level 3. HP: 16/27 MP: 3/3
   189 | D:5      | Entered Level 5 of the Dungeon
   189 | D:5      | Found a burning altar of Makhleb.
   189 | D:5      | Noticed a killer bee
   241 | D:3      | Reached skill level 5 in Throwing
   246 | D:3      | Found a shadowy altar of Dithmenos.
   272 | D:4      | HP: 1/27 [poisoned by a kobold]
   279 | D:4      | Succumbed to a kobold's poison

Vault maps used:
D:1:      matt_arrival_spirals, grunt_decor_one_mirror
D:2:      marbit_many_paths, gammafunk_temple_overflow_elements
D:3:      kb_forest_paths, nicolae_dithmenos_shadow_blocks,
          kennysheep_slug_shrine, lemuel_blue_sif_altar,
          gammafunk_temple_overflow_statue, first_bread, uniq_jessica,
          uniq_crazy_yiuf_cottage
D:5:      bloody_makhleb

Skill      XL: |  1  2  3 |
---------------+----------+-----
Throwing       | 4 5 |  5.0
Fighting       | |  2.0
Dodging        | |  1.7
Stealth        | |  0.8

Action                   || total
-------------------------++-------
Melee: Short sword       ||    29
Throw: Javelin           ||     9
       Throwing net      ||     3
  Use: Potion            ||     1
 Stab: Sleeping          ||     1
Armor: Leather armour    ||    16
Dodge: Dodged            ||    41

Table legend:
 A = Spawn XP
 B = Non-spawn XP
 C = Spawn XP percentage of total XP
 D = Spawn monster count
 E = Non-spawn monster count
 F = Spawn count percentage of total count
 G = Total turns spent on level
                    A         B        C        D         E        F      G
               +---------+---------+-------+---------+---------+-------+---------
         Total |       0 |      87 |   0.0 |       0 |      11 |   0.0 |   279
               +---------+---------+-------+---------+---------+-------+---------
           D:1 |       0 |       5 |   0.0 |       0 |       3 |   0.0 |   114
           D:3 |       0 |      12 |   0.0 |       0 |       4 |   0.0 |    67
           D:4 |       0 |      70 |   0.0 |       0 |       4 |   0.0 |    71
               +---------+---------+-------+---------+---------+-------+---------
